Map: Eternal Empire LE

Players

RiSky - Winner!

  • Race: Zerg Zerg
  • Spawn Location: 7:00

Seither

  • Race: Terran Terran
  • Spawn Location: 1:00

Event: DreamHack SC2 Masters 2020 Summer Oceania RoA

VOD

Have the link to the VOD?

Description

Time

  • Played on: June 26, 2020, 4:49 a.m.
  • Length: 14:23

All games in this series

Show
View Real Time Build Order
Export as new Build Order

RiSky Zerg - Winner!

Build Orders: Hatch First, Muta Ling Bane 

Get SALT Encoding   

  12  0:00  Drone  
  13  0:12  Overlord  
  13  0:17  Drone  
  14  0:30  Drone x2  
  16  0:48  Hatchery  
  15  0:51  Drone  
  15  0:55  Drone  
  17  0:59  Drone  
  18  1:09  Extractor  
  17  1:13  Spawning Pool  
  17  1:16  Drone  
  17  1:20  Drone  
  18  1:27  Drone  
  19  1:40  Drone  
  20  1:49  Overlord  
  20  2:00  Queen x2  
  25  2:01  Zergling x4  
  26  2:11  Drone  
  26  2:12  Drone  
  26  2:13  Metabolic Boost  
  28  2:21  Drone  
  28  2:22  Drone  
  30  2:36  Hatchery  
  28  2:41  Drone  
  29  2:46  Queen  
  29  2:49  Drone  
  32  2:51  Overlord  
  32  2:54  Drone  
  32  2:57  Drone  
  34  2:58  Drone  
  35  3:11  Drone x3  
  35  3:12  Drone x2  
  40  3:16  Overlord  
  40  3:21  Drone  
  41  3:30  Drone  
  41  3:34  Queen x2  
  42  3:35  Drone  
  42  3:38  Overlord  
  42  3:41  Drone  
  48  3:47  Drone x2  
  50  3:49  Zergling x4  
  50  3:52  Drone  
  50  3:53  Queen  
  55  3:56  Drone  
  55  3:57  Overlord  
  55  4:00  Drone x3  
  59  4:03  Drone  
  59  4:07  Overlord  
  60  4:12  Drone, Baneling Nest  
  60  4:13  Drone  
  60  4:15  Zergling x4  
  63  4:18  Overlord  
  63  4:21  Drone x2  
  65  4:24  Drone  
  65  4:27  Lair  
  65  4:29  Drone  
  67  4:34  Drone  
  67  4:36  Overlord  
  68  4:39  Drone x2, Extractor  
  68  4:40  Drone x2  
  68  4:41  Extractor  
  68  4:44  Drone, Overlord  
  71  4:47  Drone x2  
  71  4:48  Drone x3  
  71  4:51  Drone  
  77  4:55  Drone  
  77  4:56  Drone, Extractor x2  
  77  5:01  Hatchery  
  77  5:02  Drone  
  77  5:03  Drone  
  77  5:07  Drone x2  
  80  5:08  Drone x2  
  80  5:12  Drone  
  80  5:13  Drone  
  84  5:22  Drone x2  
  84  5:23  Drone x2  
  84  5:24  Extractor  
  84  5:25  Overlord  
  84  5:27  Zergling x4  
  84  5:28  Spire  
  88  5:31  Zergling x2  
  88  5:32  Overlord, Zergling x2  
  90  5:36  Centrifical Hooks  
  90  5:37  Overlord  
  90  5:40  Overlord x2  
  90  5:43  Zergling x6  
  90  5:49  Zergling x2  
  94  5:55  Zergling x10  
  94  5:56  Pneumatized Carapace, Spore Crawler  
  98  6:13  Drone x2  
  98  6:14  Baneling x3  
  98  6:15  Baneling x8  
  98  6:16  Overlord  
  100  6:19  Drone x2  
  100  6:20  Drone x6  
  100  6:24  Overlord x2  
  105  6:39  Mutalisk x6  
  105  6:40  Mutalisk  
  105  6:46  Drone  
  105  6:47  Evolution Chamber, Zergling x14  
  125  6:48  Unknown  
  125  6:49  Evolution Chamber  
  125  6:52  Mutalisk  
  125  6:53  Overseer  
  125  6:56  Zerg Flyer Weapons Level 1  
  125  6:57  Zergling x10  
  125  6:58  Hatchery  
  125  7:00  Zergling x4  
  131  7:05  Zergling x4  
  131  7:07  Baneling x7  
  131  7:08  Zergling x4  
  135  7:10  Zergling x2  
  135  7:12  Baneling x3  
  135  7:15  Zergling x8  
  140  7:19  Zergling x4  
  139  7:25  Zergling x2  
  139  7:29  Zergling x16  
  138  7:32  Baneling x7  
  138  7:34  Zergling x2  
  138  7:38  Zergling x2  
  138  7:41  Zergling x4  
  141  7:49  Mutalisk x2  
  145  7:51  Zergling x2  
  145  7:52  Zergling x2  
  145  7:56  Mutalisk  
  149  7:59  Zergling x2  
  149  8:03  Zergling x4  
  129  8:10  Zerg Ground Armor Level 1  
  129  8:11  Hatchery, Zerg Melee Weapons Level 1  
  129  8:12  Zergling x8  
  126  8:17  Drone  
  126  8:19  Mutalisk  
  126  8:24  Baneling x15  
  126  8:25  Zergling x4  
  126  8:27  Hatchery  
  128  8:29  Zergling x2  
  128  8:31  Zergling x2  
  130  8:37  Mutalisk x2  
  132  8:43  Drone x8  
  132  8:44  Overlord  
  140  8:52  Infestation Pit  
  139  8:57  Zergling x2  
  139  8:58  Zergling x6  
  139  8:59  Zergling x2  
  144  9:06  Zergling x2  
  144  9:07  Zergling x8  
  144  9:08  Mutalisk x2, Zerg Flyer Weapons Level 2  
  153  9:10  Zergling x4  
  153  9:13  Zergling x8  
  153  9:17  Mutalisk, Overlord  
  159  9:24  Zergling x6  
  164  9:26  Mutalisk  
  166  9:32  Zergling x4  
  166  9:37  Hive  
  168  9:38  Zergling x8  
  168  9:39  Zergling x12  
  178  9:50  Zergling x18  
  187  9:55  Overlord  
  187  9:58  Overlord  
  187  9:59  Mutalisk  
  185  10:02  Zergling x2  
  185  10:03  Overlord  
  185  10:06  Overlord  
  188  10:12  Overlord x2  
  186  10:14  Baneling x7  
  186  10:15  Baneling x8, Zergling x20  
  186  10:16  Zerg Ground Armor Level 2  
  186  10:17  Zerg Melee Weapons Level 2  
  186  10:20  Drone  
  197  10:24  Zergling x10  
  196  10:36  Zergling x8  
  194  10:54  Adrenal Glands  
  192  10:59  Zergling x14  
  192  11:04  Overseer  
  192  11:13  Zergling x16  
  195  11:29  Baneling x10  
  192  11:35  Drone x2  
  192  11:36  Drone  
  192  11:38  Zerg Flyer Weapons Level 3  
  192  11:39  Ultralisk Cavern, Zergling x16  
  200  11:40  Zergling x16  
  198  12:02  Baneling x4  
  198  12:03  Baneling x26  
  188  12:19  Zergling x38  
  197  12:31  Zergling x10  
  200  12:42  Baneling x22  
  198  12:46  Zergling x8  
  195  12:57  Zergling x16  
  196  13:00  Zergling x10  
  191  13:18  Zergling x22  
  173  13:23  Zergling x10  
  173  13:25  Mutalisk x2  
  173  13:30  Queen x2  
  173  13:31  Queen x2  
  179  13:37  Zergling x10  
  165  13:55  Zergling x14  
  164  14:00  Overlord  
  178  14:13  Hatchery  
Show
View Real Time Build Order
Export as new Build Order

Seither Terran 

Build Orders: Reaper Expand 

Get SALT Encoding   

  12  0:00  SCV  
  13  0:13  SCV  
  14  0:17  Supply Depot  
  14  0:25  SCV  
  15  0:39  SCV  
  15  0:40  Barracks  
  16  0:44  Refinery  
  16  0:51  SCV  
  17  1:03  SCV  
  18  1:15  SCV  
  19  1:28  Orbital Command, Reaper  
  20  1:40  Command Center  
  20  1:51  Supply Depot  
  20  1:56  SCV  
  20  2:00  Marine  
  22  2:08  SCV  
  23  2:11  Factory  
  23  2:20  SCV  
  23  2:22  Barracks Reactor  
  24  2:32  SCV  
  25  2:44  SCV  
  25  2:46  Command Center  
  26  2:54  Orbital Command  
  26  2:56  SCV  
  27  3:05  Hellion  
  29  3:07  Hellion  
  29  3:09  SCV  
  29  3:10  Barracks Tech Lab  
  32  3:21  SCV x2  
  34  3:33  Stimpack, Marine, SCV, Hellion x2  
  34  3:34  SCV  
  40  3:45  SCV  
  40  3:46  SCV  
  42  3:52  Marine  
  43  3:57  SCV  
  43  3:58  SCV  
  43  4:00  Orbital Command  
  43  4:02  Barracks  
  45  4:03  Factory Reactor  
  45  4:05  Barracks  
  45  4:07  Refinery  
  45  4:09  SCV  
  46  4:10  SCV  
  46  4:11  Marine  
  48  4:17  Engineering Bay  
  48  4:18  Engineering Bay  
  48  4:19  Refinery  
  48  4:21  Orbital Command, SCV  
  48  4:22  SCV  
  50  4:29  Supply Depot  
  50  4:33  SCV  
  50  4:34  Marine, SCV  
  50  4:35  Refinery  
  53  4:42  Starport  
  53  4:45  Factory Reactor  
  53  4:46  SCV x2  
  53  4:49  SCV  
  53  4:50  Terran Infantry Weapons Level 1  
  56  4:52  Supply Depot  
  56  4:55  Marine x3  
  56  4:58  SCV  
  60  5:03  SCV x2  
  60  5:04  Marine x2  
  60  5:05  Terran Infantry Armor Level 1  
  64  5:11  Supply Depot  
  64  5:12  Marine  
  64  5:13  Combat Shield  
  65  5:14  Supply Depot  
  65  5:15  SCV x3  
  68  5:22  Marine x2  
  68  5:23  Marine x2  
  68  5:27  Medivac x2  
  76  5:28  SCV  
  76  5:33  Marine, SCV x2  
  76  5:34  Supply Depot  
  80  5:39  Supply Depot  
  80  5:40  Factory Tech Lab  
  80  5:42  Marine x4  
  84  5:45  SCV x2  
  86  5:50  Marine  
  87  5:57  Supply Depot  
  87  5:58  Barracks  
  87  5:59  Barracks  
  87  6:03  Siege Tank, Marine x4  
  94  6:05  SCV x3  
  94  6:09  Armory  
  97  6:15  Marine  
  97  6:18  Medivac x2  
  100  6:20  SCV  
  100  6:21  Supply Depot, Marine x2, SCV  
  106  6:29  SCV  
  103  6:36  Marine x3  
  103  6:37  Siege Tank  
  103  6:38  Marine  
  111  6:40  SCV x2  
  112  6:47  Marine  
  112  6:48  Supply Depot  
  112  6:51  Barracks Reactor x2  
  113  6:54  Marine x2  
  113  6:55  Marine  
  113  6:56  Marine, Medivac x2  
  113  6:58  Supply Depot  
  113  6:59  SCV x2  
  113  7:01  Refinery  
  123  7:03  Terran Infantry Weapons Level 2  
  123  7:05  Refinery, Marine, SCV  
  125  7:11  Supply Depot, SCV x2  
  125  7:12  Marine x3  
  130  7:17  SCV  
  130  7:19  Marine  
  129  7:23  Marine, SCV  
  123  7:30  Marine x3  
  123  7:31  Marine x2  
  123  7:32  SCV x2  
  123  7:36  Factory  
  130  7:37  Marine  
  130  7:40  Marine  
  130  7:41  Marine x2  
  134  7:46  Missile Turret  
  134  7:48  Command Center  
  134  7:49  Marine x2  
  134  7:50  Medivac  
  134  7:51  Widow Mine, Medivac  
  142  7:55  Terran Infantry Armor Level 2  
  142  7:57  Barracks x3  
  125  8:09  Marine x6  
  125  8:10  Marine x2, Drilling Claws  
  119  8:13  Supply Depot  
  119  8:17  Missile Turret  
  119  8:18  Missile Turret  
  116  8:22  SCV x3  
  116  8:23  Bunker  
  116  8:24  Thor  
  116  8:26  Marine, Factory Reactor  
  126  8:31  Marine x2  
  126  8:41  SCV  
  126  8:42  SCV x2  
  126  8:43  Marine x3  
  126  8:44  Marine  
  126  8:45  Marauder  
  126  8:47  Barracks Tech Lab x3  
  134  8:57  Supply Depot  
  134  8:59  Marine  
  134  9:00  Marine x3  
  134  9:01  Medivac x2  
  141  9:14  Marauder x4, Marine  
  141  9:16  Thor  
  156  9:23  Widow Mine x2  
  160  9:24  Missile Turret  
  160  9:26  SCV x2  
  160  9:27  SCV  
  159  9:32  Marine x3  
  159  9:33  Terran Infantry Weapons Level 3  
  162  9:39  SCV  
  162  9:40  Planetary Fortress, SCV x2  
  165  9:48  Marauder x2, Marine  
  165  9:49  Widow Mine x2  
  174  9:53  Terran Vehicle And Ship Armor Level 1  
  174  9:54  Marine x3  
  168  10:08  Marine x4  
  168  10:09  Marauder x2  
  168  10:10  Barracks Tech Lab  
  168  10:11  Barracks Tech Lab  
  168  10:12  Command Center  
  168  10:13  Terran Infantry Armor Level 3  
  168  10:14  Missile Turret  
  176  10:19  Widow Mine x2  
  180  10:25  Supply Depot x2  
  180  10:27  Sensor Tower  
  180  10:29  Thor  
  181  10:38  Marauder x3, Marine  
  188  10:46  Marine x6  
  188  10:48  Supply Depot  
  192  10:51  Marauder, Marine  
  192  10:53  Widow Mine x2  
  192  10:56  Marine  
  199  11:00  Marauder x2  
  199  11:02  Marauder  
  199  11:04  Marine x3  
  194  11:05  Medivac  
  194  11:10  Barracks, Missile Turret  
  199  11:12  Barracks  
  197  11:36  Missile Turret  
  197  11:39  Missile Turret  
  191  11:40  Widow Mine x3  
  194  11:51  Marauder x2, Marine, Planetary Fortress  
  199  11:57  Missile Turret  
  199  11:58  Command Center  
  199  11:59  Command Center, Barracks Tech Lab x2  
  199  12:00  Marine  
  200  12:03  Command Center  
  200  12:28  Missile Turret  
  199  12:36  Marine x5  
  199  12:37  Marine  
  199  12:39  Orbital Command  
  199  12:42  Marine x4  
  199  12:43  Marauder  
  199  12:45  Marine  
  198  12:51  Marauder  
  187  13:08  Command Center  
  187  13:10  Command Center  
  184  13:17  Marauder x2, Marine x4  
  184  13:18  Marauder, Marine x5, Widow Mine x2  
  184  13:19  Marauder  
  149  13:23  Marauder  
  149  13:26  Widow Mine, Medivac x2  
  123  13:35  Marauder, Marine x4  
  123  13:36  Marine x4  
  123  13:39  Marauder x2, Widow Mine  
  130  13:43  Marauder x2  
  130  13:47  Orbital Command  
  109  13:49  Widow Mine x2  
  109  13:53  Marine  
  109  13:54  Marine x3  
  106  13:56  Marine  
  106  14:00  Marine  
  98  14:03  Marine  
Tags
 
Add a new tag
Caveats
  • Supply blocks, unpowered buildings, or Contaminate may cause inaccurate times.
  • Supply counts are checked every 10 seconds.